 Dungeon Crawl Stone Soup version 0.31-a0-263-ge8cad7f256 (webtiles) character file.

Game seed: 8965919116154118146

36 qw the Shooter (level 3, -1/29 HPs)
             Began as a Minotaur Hexslinger on July 13, 2023.
             Slain by a cerulean imp
             ... wielding a +1 spear
             ... summoned by Natasha
              (3 damage)
             ... on level 2 of the Dungeon.
             The game lasted 00:00:24 (1312 turns).

qw the Shooter (Minotaur Hexslinger)                Turns: 1312, Time: 00:00:25

Health: -1/29      AC:  2    Str: 12    XL:     3   Next: 19%
Magic:  3/3        EV: 12    Int: 10    God:
Gold:   77         SH:  0    Dex: 14    Spells: 3/4 levels left

rFire   . . .        Y - +1 sling
rCold   . . .        (no shield)
rNeg    . . .        c - +0 robe
rPois   .            (helmet restricted)
rElec   .            (no cloak)
rCorr   .            (no gloves)
SInv    .            (no boots)
Will    .....        (no amulet)
Stlth   +            (no ring)
HPRegen 0.24/turn    (no ring)
MPRegen 0.08/turn

%: no passive effects
@: slowed, very slow
A: horns 2, retaliatory headbutt
a: no special abilities


You were on level 2 of the Dungeon.
You visited 1 branch of the dungeon, and saw 2 of its levels.

You collected 77 gold pieces.


Innate Abilities, Weirdness & Mutations

You have a pair of horns on your head.
You reflexively headbutt those who attack you in melee.


   Skills:
 - Level 2.0 Fighting
 + Level 3.8 Ranged Weapons
 - Level 2.1 Dodging
 - Level 1.0 Spellcasting
 - Level 2.0 Hexes


You had 3 spell levels left.
You knew the following spells:

 Your Spells              Type           Power      Damage    Failure   Level
a - Slow                  Hex            16%        N/A       16%         1

Your spell library contained the following spells:

 Spells                   Type           Power      Damage    Failure   Level
 Inner Flame              Hex/Fire       2%         N/A       56%         3
 Portal Projectile        Hex/Tloc       4%         N/A       56%         3
 Cause Fear               Hex            2%         N/A       83%         4

Inventory:

Hand Weapons
 Y - a +1 sling (weapon)
Armour
 c - a +0 robe (worn)
Potions
 f - a potion of heal wounds {unknown}
 g - a potion of cancellation {unknown}
 j - a potion of invisibility {unknown}

Dungeon Overview and Level Annotations

Branches:
Dungeon (2/15)

Altars:

Annotations:
D:2 Natasha


Message History

Natasha is heavily wounded.
The cerulean imp hits you but does no damage.
Natasha misses you.
The cerulean imp hits you with a +1 spear.
You shoot a sling bullet. The sling bullet hits Natasha.
Natasha is severely wounded.
Natasha wildly gestures.
Natasha's front paws start to glow.
Natasha claws you but does no damage.
The cerulean imp hits you with a +1 spear.
Natasha claws you but does no damage.
The cerulean imp hits you but does no damage.
1308 ||| READING scroll of teleportation.
As you read the scroll of teleportation, it crumbles to dust.
You feel strangely unstable. Natasha misses you.
The cerulean imp hits you with a +1 spear.
Natasha closely misses you. You furiously retaliate!
You headbutt Natasha.
The cerulean imp hits you with a +1 spear.
You shoot a sling bullet.
The sling bullet closely misses Natasha.
Natasha claws you.
The cerulean imp hits you with a +1 spear.
You shoot a sling bullet. The sling bullet hits Natasha.
Natasha is almost dead.
Your surroundings seem slightly different.
The cerulean imp barely misses you.
Natasha wildly gestures.
Natasha shimmers violently.
The cerulean imp hits you but does no damage.
Natasha mumbles some strange words.
You shoot a sling bullet.
The sling bullet misses the cerulean imp.
The cerulean imp hits you with a +1 spear.
Natasha mumbles some strange words.
The cerulean imp closely misses you.
You shoot a sling bullet.
The sling bullet closely misses the cerulean imp.
The cerulean imp hits you with a +1 spear.
You die...

####...#######
#..
#.........#
#.#
#.##...##.#
#.#
#.###.###.#
#.# ###.#
#.###.# #.# #+
####.#.#
#.....# #.#
#...#.#.#..#
#####.######.#
#.)..###5#
#...........
#####.#h@#
#.#..#####.#
##5#.# #.#..#
#.# #.#.# #
#..# #.# #.#..
...##.##.#
..### .#..#
#.... .##
#.#... ##.##
#. # #..# # #.
.. #


You could see Natasha and 2 cerulean imps.

Vanquished Creatures
  2 dart slugs
  A worm (D:2)
  5 ball pythons
  2 endoplasms
  3 jackals (D:1)
  5 kobolds
  2 quokkas (D:1)
  4 bats (D:1)
  A frilled lizard (D:2)
  A goblin (D:1)
  2 rats (D:2)
28 creatures vanquished.

Notes
Turn   | Place    | Note
-------+----------+-------------------------------------------
     0 | D:1      | qw the Minotaur Hexslinger began the quest for the Orb.
     0 | D:1      | Reached XP level 1. HP: 16/16 MP: 1/1
     0 | D:1      | 0 ||| qw: Version: 0.3-a-52-g30416fa
     0 | D:1      | 0 ||| qw: Game counter: 7367
     0 | D:1      | 0 ||| qw: Melee chars always use a shield: true
     0 | D:1      | 0 ||| qw: God list: Okawaru
     0 | D:1      | 0 ||| qw: Allow faded altars: false
     0 | D:1      | 0 ||| qw: Do Orc after clearing Dungeon:15 true
     0 | D:1      | 0 ||| qw: Do second Lair branch before Depths: true
     0 | D:1      | 0 ||| qw: Lair rune preference: random
     0 | D:1      | 0 ||| qw: Goals: Normal
     0 | D:1      | 0 ||| PLANNING D:1-11
   257 | D:1      | Reached skill level 3 in Ranged Weapons
   278 | D:1      | Reached XP level 2. HP: 23/23 MP: 2/2
   989 | D:1      | 989 ||| DROPPING amulet of magic regeneration.
   990 | D:1      | 990 ||| READING 2 scrolls labelled ZUFIKK ERPHIRCH.
   994 | D:1      | 994 ||| READING scroll labelled UMECYVOREF.
   995 | D:1      | 995 ||| DRINKING 2 bubbling golden potions.
   996 | D:1      | 996 ||| DROPPING scroll of poison.
   997 | D:1      | 997 ||| DROPPING potion of brilliance.
  1138 | D:2      | Reached XP level 3. HP: 29/29 MP: 3/3
  1300 | D:2      | Noticed Natasha
  1307 | D:2      | HP: 6/29 [cerulean imp/+1 spear[Natasha] (4)]
  1308 | D:2      | 1308 ||| READING scroll of teleportation.
  1311 | D:2      | HP: 2/29 [cerulean imp/+1 spear[Natasha] (2)]
  1312 | D:2      | Slain by a cerulean imp

Levels and vault maps discovered:
D:1:      minmay_arrival_nine_rooms, layout_basic, chequers_jeans
D:2:      layout_loops_ring, serial_shops, shop, kennysheep_generic_room_11,
          uniq_natasha

Skill      XL: |  1  2 |
---------------+-------+-----
Ranged Weapons | 3 |  3.8
Fighting       | 2 |  2.0
Dodging        | |  2.1
Spellcasting   | |  1.0
Hexes          | |  2.0

Action                     || total
---------------------------++-------
   Fire: Sling             ||    96
    Use: Scroll            ||     3
         Potion            ||     1
 Armour: Robe              ||    17
  Dodge: Dodged            ||    28

Table legend:
 A = Non-vault XP
 B = Vault XP
 C = Vault XP percentage of total XP
 D = Non-vault monster count
 E = Vault monster count
 F = Vault count percentage of total count
                 A         B        C        D         E       F
            +---------+---------+-------+---------+---------+-------
      Total |      52 |       0 |   0.0 |      28 |       0 |   0.0
            +---------+---------+-------+---------+---------+-------
        D:1 |      32 |       0 |   0.0 |      18 |       0 |   0.0
        D:2 |      20 |       0 |   0.0 |      10 |       0 |   0.0
            +---------+---------+-------+---------+---------+-------
